 Dungeon Crawl Stone Soup version 0.31-a0-825-gf28bc0971e (webtiles) character file.

Game seed: 8360789167657601102

1392 qw the Skirmisher (level 8, 0/51 HPs)
             Began as a Gargoyle Hunter on Sept 23, 2023.
             Slain by a wight
             ... wielding a +4 spear
              (9 damage)
             ... on level 6 of the Dungeon.
             The game lasted 00:01:59 (4059 turns).

qw the Skirmisher (Gargoyle Hunter)                 Turns: 4059, Time: 00:01:59

Health: 0/51       AC: 15    Str: 27    XL:     8   Next: 68%
Magic:  8/8        EV: 12    Int:  9    God:
Gold:   255        SH:  0    Dex: 15    Spells: 7/7 levels left

rFire   + . .        Y - +6 shortbow (flame)
rCold   . . .        (shield currently unavailable)
rNeg    + + .        g - +4 leather armour of Demons {rF+ Str+5}
rPois   inf          (no helmet)
rElec   +            (no cloak)
rCorr   .            d - +2 pair of gloves
SInv    .            (no boots)
Will    .....        (no amulet)
Stlth   ++           i - +6 ring of strength
HPRegen 0.28/turn    k - ring of positive energy
MPRegen 0.11/turn

%: no passive effects
@: no status effects
A: sickness immunity, AC +5, negative energy resistance 1, electricity
resistance, torment resistance 1, petrification resistance
a: no special abilities


You were on level 6 of the Dungeon.
You visited 1 branch of the dungeon, and saw 6 of its levels.

You collected 255 gold pieces.


Innate Abilities, Weirdness & Mutations

You are immune to sickness and miasma.
Your stone body is resilient. (AC +5)
You are immune to poison.
You resist negative energy. (rN+)
You are resistant to electric shocks. (rElec)
You are resistant to unholy torment.
You are immune to petrification.


   Skills:
 - Level 6.1 Fighting
 + Level 9.6 Ranged Weapons
 - Level 1.0 Armour
 - Level 2.1 Dodging
 - Level 1.1 Stealth


You had 7 spell levels left.
You didn't know any spells.
Your spell library was empty.

Inventory:

Hand Weapons
 Y - a +6 shortbow of flaming (weapon)
Armour
 d - a +2 pair of gloves (worn)
 f - the +1 robe of Sif Muna's Scorn {Will+ Int+3 Dex+5}
   (You took it off a hobgoblin on level 3 of the Dungeon)

   Int+3:     It affects your intelligence (+3).
   Dex+5:     It affects your dexterity (+5).
   Will+:     It increases your willpower.
 g - the +4 leather armour of Demons (worn) {rF+ Str+5}
   (You took it off a goblin on level 3 of the Dungeon)

   Str+5:     It affects your strength (+5).
   rF+:       It protects you from fire.
Jewellery
 i - a +6 ring of strength (left hand)
 k - a ring of positive energy (right hand)
Scrolls
 b - a scroll of identify
Potions
 c - a potion of mutation
 e - 4 potions of enlightenment

Dungeon Overview and Level Annotations

Branches:
Dungeon (6/15)
 Temple: D:4-7

Altars:
Fedhas
Kikubaaqudgha

Shops:
D:3 (

Annotations:
D:3 3 runed translucent doors, qw's ghost, novice GrHu


Message History

The wight is lightly damaged.
You shoot an arrow.
The arrow hits the wight but does no damage.
The wight is lightly damaged.
A wight comes into view. It is wielding a +3 flail of freezing.
A wight comes into view. It is wielding a +4 spear.
You shoot an arrow. The arrow completely misses the wight.
You shoot an arrow. The arrow closely misses the wight. x2
You shoot an arrow. The arrow closely misses the wight.
The arrow hits the wight.
The arrow burns the wight.
The wight is heavily damaged.
You shoot an arrow. The arrow hits the wight!
The arrow burns the wight.
You destroy the wight!
Your Fighting skill increases to level 6!
You shoot an arrow.
The arrow hits the wight but does no damage.
The wight is heavily damaged.
You shoot an arrow. The arrow barely misses the wight.
The wight hits you but does no damage.
You shoot an arrow.
The arrow hits the wight but does no damage.
The wight hits you with a +3 flail of freezing.
The wight freezes you. The wight closely misses you.
You shoot an arrow. The arrow completely misses the wight.
The wight closely misses you. The wight misses you.
You shoot an arrow. The arrow barely misses the wight.
The wight hits you with a +3 flail of freezing.
The wight freezes you. The wight barely misses you.
You shoot an arrow. The arrow hits the wight!
The arrow burns the wight.
The wight is severely damaged.
The wight barely misses you.
The wight hits you from afar with a +4 spear!
You shoot an arrow. The arrow completely misses the wight.
The wight hits you with a +3 flail of freezing.
The wight freezes you. The wight hits you but does no damage.
You shoot an arrow. The arrow barely misses the wight.
The wight hits you with a +3 flail of freezing!
The wight freezes you.
The wight hits you from afar with a +4 spear!
You die...

##.....# #.
#.....## .. #
#......#.#.# #.##
####..........
#....#.#...<.......
.............<.....
...................
.......#)%.........
...)...#@z.)).)....
.......###z........
..!.... #.........
......# #.........
...... #........
...... .... ....


You could see 2 wights.

Vanquished Creatures
  Pikel (D:6)
  A water moccasin (D:5)
  A lemure (D:6)
  A gnoll sergeant (D:5)
  A scorpion (D:4)
  2 wights (D:6)
  A howler monkey (D:5)
  3 hounds
  4 orc priests (D:5)
  A jelly (D:5)
  Jessica (D:3)
  An iguana (D:6)
  A sleepcap (D:4)
  2 orc wizards (D:5)
  6 gnolls
  6 adders
  An ufetubus (D:6)
  3 worms
  3 dart slugs
  15 orcs
  6 endoplasms
  2 giant cockroaches
  3 hobgoblins
  3 jackals (D:4)
  3 quokkas
  2 ball pythons (D:4)
  6 bats
  2 frilled lizards
  10 goblins
  5 kobolds
  8 rats
105 creatures vanquished.

Notes
Turn   | Place    | Note
-------+----------+-------------------------------------------
     0 | D:1      | qw the Gargoyle Hunter began the quest for the Orb.
     0 | D:1      | Reached XP level 1. HP: 12/12 MP: 1/1
     0 | D:1      | 0 ||| qw: Version: 0.3-a-83-gcd0e7d8
     0 | D:1      | 0 ||| qw: Game counter: 1821
     0 | D:1      | 0 ||| qw: Melee chars always use a shield: true
     0 | D:1      | 0 ||| qw: God list: Okawaru
     0 | D:1      | 0 ||| qw: Allow faded altars: false
     0 | D:1      | 0 ||| qw: Do Orc after clearing Dungeon:15 true
     0 | D:1      | 0 ||| qw: Do second Lair branch before Depths: true
     0 | D:1      | 0 ||| qw: Lair rune preference: random
     0 | D:1      | 0 ||| qw: Goals: Normal
     0 | D:1      | 0 ||| PLANNING D:1-11
   230 | D:1      | Reached XP level 2. HP: 17/17 MP: 2/2
   423 | D:1      | 423 ||| UPGRADING to +0 ring mail.
   433 | D:1      | 433 ||| DROPPING +0 leather armour.
   434 | D:1      | 434 ||| READING 2 scrolls labelled QOIKYANOXT.
   435 | D:1      | 435 ||| READING scroll labelled OZIDOQ FAHIU.
   436 | D:1      | 436 ||| READING scroll labelled FOLIURGH YTWONK.
   437 | D:1      | 437 ||| DRINKING 4 yellow potions.
   438 | D:1      | 438 ||| DROPPING scroll of butterflies.
   589 | D:2      | Reached skill level 1 in Armour
   611 | D:2      | Reached XP level 3. HP: 21/21 MP: 3/3
   790 | D:2      | Reached skill level 5 in Ranged Weapons
   800 | D:2      | 800 ||| FLEEEEING.
   801 | D:2      | 801 ||| FLEEEEING.
   802 | D:2      | 802 ||| FLEEEEING.
   948 | D:2      | 948 ||| UPGRADING to +0 pair of gloves.
   953 | D:2      | 953 ||| READING 2 scrolls of enchant armour.
   953 | D:2      | 953 ||| ENCHANTING +0 pair of gloves.
   954 | D:2      | 954 ||| READING scroll of enchant armour.
   954 | D:2      | 954 ||| ENCHANTING +1 pair of gloves.
   955 | D:2      | 955 ||| DROPPING ring of magical power.
   956 | D:2      | 956 ||| READING 3 scrolls of identify.
   956 | D:2      | 956 ||| IDENTIFYING amethyst potion
   957 | D:2      | 957 ||| READING 2 scrolls of identify.
   957 | D:2      | 957 ||| IDENTIFYING smoky coppery potion
   958 | D:2      | 958 ||| DROPPING potion of degeneration.
   984 | D:3      | Reached XP level 4. HP: 27/27 MP: 4/4
   988 | D:3      | Found a runed translucent gate.
   989 | D:3      | Found a runed translucent gate.
   990 | D:3      | Found a runed translucent gate.
   990 | D:3      | Noticed a kobold brigand
   990 | D:3      | Noticed qw's ghost (novice GrHu)
  1029 | D:3      | Identified the +1 robe of Sif Muna's Scorn {Will+ Int+3
                  | Dex+5}
  1032 | D:3      | Reached skill level 3 in Fighting
  1158 | D:3      | Identified the +4 leather armour of Demons {rF+ Str+5}
  1229 | D:3      | 1229 ||| FLEEEEING.
  1230 | D:3      | 1230 ||| FLEEEEING.
  1231 | D:3      | 1231 ||| FLEEEEING.
  1232 | D:3      | 1232 ||| FLEEEEING.
  1301 | D:3      | Noticed Jessica
  1309 | D:3      | 1309 ||| FLEEEEING.
  1324 | D:3      | Killed Jessica
  1325 | D:3      | Reached XP level 5. HP: 29/32 MP: 5/5
  1533 | D:3      | Found Moullel's Weapon Emporium.
  1572 | D:3      | Found a blossoming altar of Fedhas.
  1575 | D:3      | Found an ancient bone altar of Kikubaaqudgha.
  1852 | D:3      | 1852 ||| UPGRADING to +1 robe of Sif Muna's Scorn {Will+
                  | Int+3 Dex+5}.
  1862 | D:3      | 1862 ||| UPGRADING to +4 leather armour of Demons {rF+
                  | Str+5}.
  1872 | D:3      | 1872 ||| DROPPING +0 ring mail.
  1873 | D:3      | 1873 ||| UPGRADING to +6 ring of strength.
  1874 | D:3      | 1874 ||| READING scroll labelled KAROAW ZIVEILL.
  1895 | D:3      | 1895 ||| READING scroll labelled GEFOTSI USEXOETZ.
  1896 | D:3      | 1896 ||| READING scroll labelled VUR OZECSUI.
  1937 | D:4      | 1937 ||| STAIRDANCE
  1971 | D:4      | 1971 ||| STAIRDANCE
  1982 | D:3      | Reached skill level 6 in Ranged Weapons
  2073 | D:4      | 2073 ||| STAIRDANCE
  2215 | D:4      | Identified the +7 long sword "Rill" {freeze, rN+ Int+3}
  2796 | D:4      | Reached XP level 6. HP: 32/38 MP: 6/6
  3142 | D:4      | 3142 ||| READING scroll labelled OHETHI LEOLE.
  3143 | D:4      | 3143 ||| READING 3 scrolls of identify.
  3143 | D:4      | 3143 ||| IDENTIFYING murky grey potion
  3168 | D:5      | Entered Level 5 of the Dungeon
  3193 | D:5      | Reached skill level 7 in Ranged Weapons
  3321 | D:5      | HP: 6/38 [orc priest/divine providence (13)]
  3322 | D:5      | 3322 ||| DRINKING potion of heal wounds.
  3325 | D:5      | Reached XP level 7. HP: 39/43 MP: 7/7
  3462 | D:5      | Reached skill level 8 in Ranged Weapons
  3586 | D:5      | Identified the +2 ring mail "Penwis" {rElec rPois Int-4}
  3957 | D:5      | 3957 ||| DROPPING +2 ring mail "Penwis" {rElec rPois
                  | Int-4}.
  3958 | D:5      | 3958 ||| UPGRADING to ring of positive energy.
  3959 | D:5      | 3959 ||| READING scroll labelled FORUSCHEALI.
  3959 | D:5      | Identified a scroll of acquirement
  3959 | D:5      | 3959 ||| ACQUIRING +6 shortbow of draining
  3959 | D:5      | Acquired a +6 shortbow of draining
  3961 | D:5      | 3961 ||| SWAPPING to +6 shortbow of draining.
  3962 | D:5      | 3962 ||| DROPPING +0 heavy shortbow.
  3963 | D:5      | 3963 ||| READING scroll of brand weapon.
  3963 | D:5      | 3963 ||| BRANDING +6 shortbow of draining.
  3964 | D:5      | 3964 ||| READING scroll labelled WECHAN TA RYHA.
  3965 | D:5      | 3965 ||| READING 2 scrolls of identify.
  3965 | D:5      | 3965 ||| IDENTIFYING murky purple potion
  3966 | D:5      | 3966 ||| DROPPING potion of magic.
  3975 | D:6      | Noticed Pikel
  3976 | D:6      | 3976 ||| Stepping ~*~*~tactically~*~*~ (retreating).
  3977 | D:6      | 3977 ||| Stepping ~*~*~tactically~*~*~ (retreating).
  3978 | D:6      | 3978 ||| Stepping ~*~*~tactically~*~*~ (retreating).
  3979 | D:6      | 3979 ||| Stepping ~*~*~tactically~*~*~ (retreating).
  3980 | D:6      | 3980 ||| Stepping ~*~*~tactically~*~*~ (retreating).
  3981 | D:6      | 3981 ||| Stepping ~*~*~tactically~*~*~ (retreating).
  3992 | D:6      | Killed Pikel
  3993 | D:6      | Reached skill level 9 in Ranged Weapons
  3993 | D:6      | Reached XP level 8. HP: 29/49 MP: 8/8
  4052 | D:6      | Reached skill level 6 in Fighting
  4059 | D:6      | HP: 9/51 [wight/+3 flail of freezing (4)]
  4059 | D:6      | Slain by a wight

Levels and vault maps discovered:
D:1:      minmay_arrival_cross, layout_rooms, minmay_tetromino_t4
D:2:      layout_basic
D:3:      layout_basic, grunt_temple_overflow_growth_and_decay, serial_shops,
          shop, gammafunk_ghost_nasty_kobolds, uniq_jessica
D:4:      layout_basic
D:5:      layout_basic
D:6:      layout_cave_pools, uniq_pikel

Skill      XL: |  1  2  3  4  5  6  7  8 |
---------------+-------------------------+-----
Armour         | 1 |  1.0
Ranged Weapons | 5 6 7 9 |  9.6
Fighting       | 3 4 5 6 |  6.1
Dodging        | 2 |  2.1
Stealth        | |  1.1

Action                     |  1- 3 |  4- 6 |  7- 9 || total
---------------------------+-------+-------+-------++-------
   Fire: Shortbow          |    95 |   266 |   100 ||   461
    Use: Scroll            |     7 |     5 |     4 ||    16
         Potion            |     1 |     1 |       ||     2
 Armour: Leather armour    |     6 |    96 |    71 ||   173
         Ring mail         |    15 |    21 |       ||    36
  Dodge: Dodged            |    21 |    83 |    64 ||   168

Table legend:
 A = Non-vault XP
 B = Vault XP
 C = Vault XP percentage of total XP
 D = Non-vault monster count
 E = Vault monster count
 F = Vault count percentage of total count
                 A         B        C        D         E       F
            +---------+---------+-------+---------+---------+-------
      Total |    1296 |     693 |  34.8 |      98 |       6 |   5.8
            +---------+---------+-------+---------+---------+-------
        D:1 |      12 |       5 |  29.4 |       9 |       4 |  30.8
        D:2 |      64 |       0 |   0.0 |      16 |       0 |   0.0
        D:3 |     111 |      37 |  25.0 |      27 |       1 |   3.6
        D:4 |     158 |       0 |   0.0 |      17 |       0 |   0.0
        D:5 |     717 |       0 |   0.0 |      23 |       0 |   0.0
        D:6 |     234 |     651 |  73.6 |       6 |       1 |  14.3
            +---------+---------+-------+---------+---------+-------
